 Dungeon Crawl Stone Soup version 0.18-b1-18-g7758cf2 (webtiles) character file.

60 GFox the Shield-Bearer (level 3, -9/33 HPs)
             Began as a Minotaur Fighter on May 2, 2016.
             Mangled by Crazy Yiuf
             ... wielding a +2 quarterstaff of chaos
              (11 damage)
             ... on level 2 of the Dungeon.
             The game lasted 00:08:39 (1744 turns).

GFox the Shield-Bearer (Minotaur Fighter)           Turns: 1744, Time: 00:08:40

Health: -9/33      AC:  7    Str: 21    XL:     3   Next: 82%
Magic:  2/2        EV:  7    Int:  5    God:
Gold:   108        SH:  9    Dex:  9    Spells: 0 memorised, 2 levels left

rFire  . . .     SeeInvis .     a - +0 war axe
rCold  . . .     Gourm    .     b - +0 scale mail
rNeg   . . .     Faith    .     c - +0 shield
rPois  .         Spirit   .     (helmet restricted)
rElec  .         Dismiss  .     (no cloak)
rCorr  .         Reflect  .     (no gloves)
SustAt .         Harm     .     (no boots)
MR     .....                    (no amulet)
Stlth  ..........               (no ring)
                                (no ring)

@: lethally poisoned (-9 -> -16), slowed, very slow, not resistant to hostile
enchantments, extremely unstealthy
A: retaliatory headbutt, horns 2
a: no special abilities


You were on level 2 of the Dungeon.
You were not hungry.

You visited 1 branch of the dungeon, and saw 2 of its levels.

You collected 108 gold pieces.

Inventory:

Hand Weapons
 a - a +0 war axe (weapon)
Armour
 b - a +0 scale mail (worn)
 c - a +0 shield (worn)
Jewellery
 j - an uncursed amulet of guardian spirit {unknown}
Scrolls
 e - 3 scrolls of recharging {unknown}
 g - 2 scrolls of enchant weapon {unknown}
 i - 3 scrolls of identify {unknown}
 l - a scroll of blinking {unknown}
 o - a scroll of amnesia {unknown}
Potions
 d - a potion of might
 h - a potion of agility {unknown}
 k - a potion of heal wounds {unknown}
 n - a potion of invisibility {unknown}
 p - a potion of magic {unknown}
Comestibles
 f - 3 bread rations
 m - 2 chunks of flesh


   Skills:
 + Level 4.3 Fighting
 + Level 2.6 Axes
 + Level 4.2 Armour
 + Level 0.9 Dodging
 + Level 0.3 Stealth
 + Level 4.3 Shields


You had 2 spell levels left.
You didn't know any spells.

Dungeon Overview and Level Annotations

Branches:
Dungeon (2/15)

Altars:

Annotations:
D:2 Crazy Yiuf


Innate Abilities, Weirdness & Mutations

You reflexively headbutt those who attack you in melee.
You have a pair of horns on your head.


Message History

You feel sick. You block Crazy Yiuf's attack.
You hit Crazy Yiuf but do no damage. You headbutt Crazy Yiuf.
Crazy Yiuf is heavily wounded.
You feel sick. You block Crazy Yiuf's attack.
Your shield and scale mail prevent you from hitting Crazy Yiuf.
You headbutt Crazy Yiuf!
Crazy Yiuf is almost dead.
You feel sick. You block Crazy Yiuf's attack.
You closely miss Crazy Yiuf.
Crazy Yiuf is almost dead.
You feel sick.
Crazy Yiuf hits you with a quarterstaff of chaos!
* * * LOW HITPOINT WARNING * * *
You feel yourself slow down. You block Crazy Yiuf's attack.
You closely miss Crazy Yiuf. Your headbutt misses Crazy Yiuf.
Crazy Yiuf is almost dead.
* * * LOW HITPOINT WARNING * * *
You feel sick.
Crazy Yiuf hits you with a quarterstaff of chaos!
You die...

#....# #.#
#....# #.#
#....# #.#
#...## #.#
##.## #.#
#.## #<#
##.# #.##
#.##
######...
##@#
#....)...
#g#
#.#######
... ####.##
#...#
#.....#
#..)#
####..# ####
#####
####..###...
#...........
#########...
#...


You could see Crazy Yiuf.

Vanquished Creatures
  Jessica (D:2)
  An adder (D:2)
  A worm (D:2)
  2 giant geckos (D:2)
  2 giant cockroaches
  A hobgoblin (D:2)
  2 kobolds (D:1)
  4 bats
  4 giant newts
  3 goblins
  3 rats
24 creatures vanquished.

Notes
Turn   | Place    | Note
--------------------------------------------------------------
     0 | D:1      | GFox the Minotaur Fighter began the quest for the Orb.
     0 | D:1      | Reached XP level 1. HP: 19/19 MP: 0/0
   871 | D:1      | Reached XP level 2. HP: 27/27 MP: 1/1
   971 | D:2      | Noticed Jessica
   977 | D:2      | Killed Jessica
   977 | D:2      | Reached XP level 3. HP: 9/33 MP: 2/2
  1735 | D:2      | Noticed Crazy Yiuf
  1744 | D:2      | Mangled by Crazy Yiuf

Skill      XL: |  1  2 |
---------------+-------+-----
Fighting       | 4 |  4.3
Armour         | 4 |  4.2
Shields        | 4 |  4.3
Axes           | |  2.6
Dodging        | |  0.9
Stealth        | |  0.3

Action                   || total
-------------------------++-------
Melee: War axe           ||    87
       Headbutt          ||    11
  Eat: Chunk             ||     3
Armor: Scale mail        ||    31
Dodge: Dodged            ||    30
Block: Shield            ||    62
